 Dungeon Crawl Stone Soup version 0.29-a0-721-g7f417c9bbb (webtiles) character file.

Game seed: 60617434896818417

99 crusatyr the Covered (level 4, 0/35 HPs)
             Began as a Demonspawn Monk on June 27, 2022.
             Slain by Sigmund
             ... wielding a +0 scythe
              (3 damage)
             ... on level 2 of the Dungeon.
             The game lasted 00:05:45 (3177 turns).

crusatyr the Covered (Demonspawn Monk)              Turns: 3177, Time: 00:05:45

Health: 0/35       AC: 11    Str: 13    XL:     4   Next: 45%
Magic:  4/4        EV:  6    Int: 11    God:
Gold:   136        SH:  0    Dex: 16    Spells: 3/3 levels left

rFire   . . .      SeeInvis .   (no weapon)
rCold   . . .      Faith    .   (no shield)
rNeg    . . .      Spirit   .   d - +0 plate armour
rPois   .          Reflect  .   (no helmet)
rElec   .          Harm     .   (no cloak)
rCorr   .          Rampage  .   (no gloves)
Will    .....                   (no boots)
Stlth   ..........              (no amulet)
HPRegen 0.11/turn               (no ring)
MPRegen 0.09/turn               (no ring)

@: no status effects
A: claws 1, sturdy frame 1, demonic magic 1
a: no special abilities


You were on level 2 of the Dungeon.
You visited 1 branch of the dungeon, and saw 3 of its levels.

You collected 136 gold pieces.

Inventory:

Hand Weapons
 a - a +0 falchion
 b - a +0 long sword
Armour
 d - a +0 plate armour (worn)
Jewellery
 r - a ring of protection from fire
Scrolls
 e - 2 scrolls of teleportation {unknown}
 h - 2 scrolls of identify {unknown}
 i - a scroll of acquirement {unknown}
 j - a scroll of fog {unknown}
 m - a scroll of amnesia {unknown}
 n - a scroll of blinking {unknown}
 o - a scroll of immolation {unknown}
 p - a scroll of magic mapping {unknown}
Potions
 c - 2 potions of ambrosia
 f - a potion of heal wounds {unknown}
 g - a potion of cancellation {unknown}
 k - a potion of berserk rage {unknown}
 l - 4 potions of curing {unknown}
 q - 2 potions of brilliance {unknown}
 s - a potion of lignification {unknown}
 t - a potion of invisibility {unknown}
 u - a potion of attraction {unknown}


   Skills:
 - Level 3.0 Fighting
 - Level 2.6 Long Blades
 + Level 3.5 Armour
 - Level 2.6 Dodging
 - Level 1.7 Stealth
 * Level 0.9 Unarmed Combat


You had 3 spell levels left.
You didn't know any spells.
Your spell library contained the following spells:

 Spells                   Type           Power      Damage    Failure   Level
 Apportation              Tloc           0%         N/A       100%        1
 Necrotize                Necr           0%         1d4       100%        1
 Shock                    Conj/Air       0%         1d3       100%        1
 Summon Small Mammal      Summ           0%         N/A       100%        1
 Sublimation of Blood     Necr           0%         N/A       100%        2
 Swiftness                Air            0%         N/A       100%        3
 Airstrike                Air            0%         N/A       100%        4
 Petrify                  Tmut/Erth      0%         N/A       100%        4
 Irradiate                Conj/Tmut      0%         3d13      100%        5


Dungeon Overview and Level Annotations

Branches:
Dungeon (3/15)

Altars:

Annotations:
D:2 Sigmund


Innate Abilities, Weirdness & Mutations

You have sharp fingernails.
Your movements are slightly less encumbered by armour. (ER -2)
Spells you cast may paralyse adjacent enemies.


Message History

The hobgoblin hits you but does no damage.
A gnoll comes into view. It is wielding a +0 club.
The gnoll hits you with a +0 whip.
The gnoll shouts!
You scratch the gnoll.
The gnoll is heavily wounded.
The gnoll hits you but does no damage.
The hobgoblin hits you but does no damage.
The gnoll hits you with a +0 whip. The gnoll hits you but does no damage.
The hobgoblin hits you but does no damage.
The gnoll barely misses you. The frilled lizard barely misses you.
You climb upwards.
Level annotation: Sigmund
There is a stone staircase leading down here.
You scratch the frilled lizard.
The frilled lizard is heavily wounded.
The hobgoblin hits you but does no damage.
The frilled lizard bites you but does no damage.
You scratch the frilled lizard.
You kill the frilled lizard!
The hobgoblin hits you but does no damage.
The goblin shoots a sling bullet.
The sling bullet hits you.
You closely miss the hobgoblin. The hobgoblin barely misses you.
You barely miss the hobgoblin.
The hobgoblin hits you but does no damage.
The goblin shoots a sling bullet.
The sling bullet hits you but does no damage.
You completely miss the hobgoblin.
The hobgoblin hits you but does no damage.
You barely miss the hobgoblin.
Sigmund hits you from afar with a +0 scythe!
* * * LOW HITPOINT WARNING * * *
The hobgoblin closely misses you.
The goblin unwields a +0 sling.
The goblin wields a +0 club.
The goblin closely misses you.
You scratch the hobgoblin.
The hobgoblin is moderately wounded.
The hobgoblin hits you but does no damage.
Sigmund hits you from afar with a +0 scythe.
You die...

###########.#
#.###########.#
............#
#.{...........#
###########.#
#.###########.# #.#
#.# #.# #### #.# #.#
#.# ...# #.####.#
#.# ...# #......#
#.#
...##########..###
#.#
.............>gg@#
#.#
.....########..#g###
#.# ...#.# #..#.@.#
#.# ...#.# #..#.#.#
#.# ...#.# #..#.#.#
#.# ...#.# #..#.#.#
#.#
####.########..#.#.#
#.#
.......<.......#.#.#
#.#
...........g.......#
#.#


You could see Sigmund, a gnoll, a hobgoblin and a goblin.

Vanquished Creatures
  Terence (D:2)
  An adder (D:3)
  A gnoll (D:3)
  2 worms (D:2)
  A dart slug (D:1)
  10 ball pythons
  6 bats
  3 endoplasms
  2 giant cockroaches (D:2)
  A goblin (D:1)
  5 hobgoblins
  2 jackals (D:2)
  4 frilled lizards
  6 kobolds
  7 rats
52 creatures vanquished.

Vanquished Creatures (others)
  5 fungi (D:3)
  3 plants (D:3)
8 creatures vanquished.

Grand Total: 60 creatures vanquished

Notes
Turn   | Place    | Note
-------+----------+-------------------------------------------
     0 | D:1      | crusatyr the Demonspawn Monk began the quest for the Orb.
     0 | D:1      | Reached XP level 1. HP: 18/18 MP: 1/1
    49 | D:1      | Reached skill level 1 in Armour
   325 | D:1      | Gained mutation: Your movements are slightly less
                  | encumbered by armour. (ER -2) [demonic ancestry]
   325 | D:1      | Reached XP level 2. HP: 24/24 MP: 2/2
  1016 | D:2      | You fall into a shaft and drop 1 floor!
  1054 | D:3      | Gained mutation: Spells you cast may paralyse adjacent
                  | enemies. [demonic ancestry]
  1054 | D:3      | Reached XP level 3. HP: 23/29 MP: 3/3
  1486 | D:2      | Noticed Terence
  1497 | D:2      | Killed Terence
  1498 | D:2      | Gained mutation: You have sharp fingernails. [demonic
                  | ancestry]
  1498 | D:2      | Reached XP level 4. HP: 17/35 MP: 4/4
  2378 | D:2      | Noticed Sigmund
  3177 | D:2      | Slain by Sigmund

Illustrated notes

Levels and vault maps discovered:
D:1:      amcnicky_arrival_double_pillar, layout_basic, grunt_decor_cap
D:2:      layout_basic, uniq_terence, uniq_sigmund
D:3:      minmay_diamond_boxcup, layout_loops_cross,
          shapermc_ecumenical_altar_mp_urbaneastern

Skill      XL: |  1  2  3 |
---------------+----------+-----
Armour         | 1 2 3 |  3.5
Fighting       | |  3.0
Long Blades    | |  2.6
Dodging        | |  2.6
Stealth        | |  1.7
Unarmed Combat | |  0.9

Action                   |  1- 3 |  4- 6 || total
-------------------------+-------+-------++-------
Melee: Long sword        |    92 |       ||    92
       Falchion          |     7 |       ||     7
       Unarmed           |       |    85 ||    85
       Punch             |       |     1 ||     1
Armor: Plate armour      |   102 |    76 ||   178
Dodge: Dodged            |    45 |    35 ||    80

Table legend: (Time is in decaauts)
 A = Elapsed time spent in this place.
 B = Non-inter-level travel time spent in this place.
 C = Inter-level travel time spent in this place.
 D = Time resting spent in this place.
 E = Time spent auto-exploring this place.
 F = Levels seen in this place.
 G = Mean time per level.
                   A        B        C        D        E       F      G
               +--------+--------+--------+--------+--------+-----+--------+
         Total |   3202 |   3172 |     30 |    449 |   1906 |   3 | 1067.3 |
       Dungeon |   3202 |   3172 |     30 |    449 |   1906 |   3 | 1067.3 |
               +--------+--------+--------+--------+--------+-----+--------+

Top non-repeatable levels by time:
     D:2: 1635 daAuts
     D:1: 1166 daAuts
     D:3: 401 daAuts
